mrgnz, lawful female dwarven Valkyrie ----- --------- |<..--- ------.......-- |.....---|.........--..| --..|....|.---------|..| --.|-.....--- ---- --|...).....| ----)|....| -----..|... ------ |..|.... |.%..| --...... |....| |...... ---|-- ----... ------[---...-|... |..|-.........|..- |..-.............. -----.....{....---- |.%............- |Y-----....... |@..| -..--- |...| ----- mrgnz the Fighter Experience level: 6 Strength: 17 Dexterity: 12 Constitution: 20 Intelligence: 8 Wisdom: 10 Charisma: 8 Health: 0(64) Energy: 6(6) Def: 4 Gold: 102 Moves: 3463 Dungeon seed: Qit3LVZ3BNtMbBl2 Game ID: mrgnz_1548196920 Your Inventory: Coins $ - 102 gold pieces Amulets D - a cursed amulet of change Weapons a - a +1 long sword (weapon in hand) b - a +0 dagger l - 13 +2 darts s - a +3 aklys t - 5 +0 daggers v - a +0 aklys A - 3 cursed -2 daggers F - a cursed -1 dagger J - 9 cursed -1 arrows K - 6 cursed -2 silver arrows Armor e - a blessed +3 small shield (being worn) y - an uncursed +0 splint mail Comestibles L - an uncursed egg M - an uncursed tripe ration Potions i - a blessed potion of enlightenment j - an uncursed potion of blindness H - an uncursed potion of gain level Wands p - a wand of fire (0:5) Tools r - an uncursed towel E - 5 uncursed tallow candles (0:200) G - an uncursed sack I - an uncursed skeleton key Gems n - 2 uncursed worthless pieces of yellow glass q - an uncursed worthless piece of green glass N - an uncursed worthless piece of white glass Spells and supernatural/magical abilities: Name Level Category Fail Memory W - pray for help -- divine ? -- Your skills at the end: Fighting Skills Weapon Skills dagger [Basic] long sword [Basic] Spellcasting Skills Final Attributes: You had strayed. You were cold resistant. You had infravision. You were stealthy. You were very fast. You are dead. Vanquished creatures: an ape a bugbear a fog cloud 3 gnome lords 3 gnomish wizards a kitten a dwarf 2 giant bats 2 orc zombies a coyote 3 hobbits a large kobold a giant rat a yellow mold 21 gnomes 2 garter snakes 3 geckos 9 jackals 3 foxes a kobold a goblin a sewer rat 2 grid bugs 5 lichens 3 kobold zombies 73 creatures vanquished. Voluntary challenges: You were vegetarian. You had followed a strict vegan diet until turn 2237. You had been an atheist until turn 2959. You used a wielded weapon 92 times, starting on turn 13. You read items or engraved 5 times, starting on turn 1412. You never genocided any monsters. You never polymorphed an object. You never changed form. You used no wishes. You never split a pudding. You wrote Elbereth's name 4 times, starting on turn 1412. You violated your moral code, losing 97 points of alignment, starting on turn 1508. Dungeon overview: The Dungeons of Doom: levels 1 to 2 Level 1 a long staircase Level 2 a potion shop stairs to The Gnomish Mines The Gnomish Mines: levels 3 to 6 Level 3 stairs to The Dungeons of Doom Level 4 Level 5 Level 6 <- You were here a delicatessen, a fountain History has recorded: On T:1 you entered the Dungeons of Doom to retrieve the Amulet of Yendor! On T:621 you advanced to experience level 2. On T:824 you reached level 2 of The Dungeons of Doom. On T:1410 you reached level 1 of The Gnomish Mines. On T:1508 you advanced to experience level 3. On T:1724 you advanced to experience level 4. On T:2246 you reached level 2 of The Gnomish Mines. On T:2251 you advanced to experience level 5. On T:2714 you reached level 3 of The Gnomish Mines. On T:3136 you advanced to experience level 6. On T:3231 you reached level 4 of The Gnomish Mines. Score breakdown: Gold: 102 ( 6846 points) Experience: 6 levels (12456 points) Exploration: 6 levels ( 12.24%) ( 9682 points) Discoveries: 4 items ( 1.63%) ( 3825 points) Valuables value: (no points given unless you survive) Artifact value: 0 ( 0 points) Variety of kills: 25 monsters ( 6.56%) ( 7684 points) Turncount: 3463 turns ( -811 points) Survival: died (score multiplied by 80%) Total score: 31745 Latest messages: The ape bites! You hit the ape! The ape hits! (2x) The ape bites! You kill the ape! There are a few objects here. The ape hits! (2x) The ape bites! You miss the ape. The ape hits! (2x) The ape bites! There is a broken door here. You see here a candle. The ape hits! (2x) The ape bites! You are suddenly moving much faster. The ape hits! (2x) The ape bites! You die... The sack is empty. The sack is empty. Final status: Farvel mrgnz the Valkyrie, killed by an ape... You died in The Gnomish Mines on dungeon level 6 with 31745 points, and 102 pieces of gold, after 3463 moves. You were level 6 with a maximum of 64 hit points when you died.